 Dungeon Crawl Stone Soup version 0.14-a0-942-gbd853f2 (webtiles) character file.

522 Malachi the Covered (level 6, -15/48 HPs)
             Began as a Demonspawn Fighter on Nov 19, 2013.
             Was an Initiate of Okawaru.
             Demolished by an ogre
             ... wielding a +0,+0 giant club
              (27 damage)
             ... on Level 4 of the Dungeon.
             The game lasted 00:04:30 (3752 turns).

Malachi the Covered (Demonspawn Fighter)            Turns: 3752, Time: 00:04:30

HP -15/48        AC  9     Str 18      XL: 6   Next:  9%
MP   5/5         EV  6     Int  9      God: Okawaru [......]
Gold 232         SH 18     Dex 13      Spells:  0 memorised,  5 levels left

Res.Fire  : . . .   See Invis. : .   a - +0 trident
Res.Cold  : . . .   Warding    : .   b - +0 scale mail
Life Prot.: . . .   Conserve   : .   c - +0 shield
Res.Poison: .       Res.Corr.  : .   (helmet restricted)
Res.Elec. : .       Clarity    : .   (no cloak)
Sust.Abil.: . .     Spirit.Shd : .   (no gloves)
Res.Mut.  : .       Stasis     : .   (no boots)
Res.Rott. : .       Flight     : .   (no amulet)
Saprovore : . . .                    (no ring)
                                     (no ring)

@: slightly resistant to hostile enchantments, extremely unstealthy
A: horns 1, thin metallic scales 1
a: Renounce Religion


You were on level 4 of the Dungeon.
You worshipped Okawaru.
Okawaru was noncommittal.
You were not hungry.

You visited 2 branches of the dungeon, and saw 5 of its levels.

You collected 232 gold pieces.

Inventory:

Hand weapons
 a - a +0,+0 trident (weapon)
Armour
 b - a +0 scale mail (worn)
 c - a +0 shield (worn)
Comestibles
 d - 3 bread rations
 n - 15 sultanas
 B - a choko
Scrolls
 f - 3 scrolls of identify
 g - 2 scrolls of fear {unknown}
 i - 3 scrolls of remove curse
 m - 4 scrolls of enchant armour {unknown}
 p - a scroll of enchant weapon I {unknown}
 r - a scroll of recharging {unknown}
 s - a scroll of enchant weapon II {unknown}
 t - 3 scrolls of fog {unknown}
 u - a scroll of amnesia {unknown}
 v - a scroll of magic mapping {unknown}
 w - 4 scrolls of curse weapon {unknown}
 D - a scroll of random uselessness {unknown}
 F - a scroll of teleportation {unknown}
Jewellery
 q - an uncursed ring of protection from cold
Potions
 e - 5 potions of curing
 h - a potion of speed
 j - a potion of agility {unknown}
 k - a potion of brilliance {unknown}
 l - a potion of heal wounds {unknown}
 o - a potion of flight {unknown}
 x - a potion of restore abilities {unknown}
 z - a potion of confusion {unknown}
 A - a potion of slowing {unknown}
 C - a potion of beneficial mutation {unknown}
Books
 y - a book of Control

   Spells                             Type                      Level
   Control Teleport                   Charms/Translocation         4
   Control Undead                     Necromancy                   4
   Enslavement                        Hexes                        4
   Mass Confusion                     Hexes                        6
   Metabolic Englaciation             Hexes/Ice                    6


   Skills:
 + Level 3.8 Fighting
 + Level 2.6 Polearms
 + Level 3.9 Armour
 + Level 2.5 Dodging
 + Level 3.5 Shields


You had 5 spell levels left.
You didn't know any spells.

Dungeon Overview and Level Annotations

Branches:
Dungeon (4/16)             Temple (1/1) D:4

Altars:
Ashenzari
Cheibriados
Elyvilon
Fedhas
Makhleb
Okawaru
Sif Muna
Trog
Vehumet
Xom
Yredelemnul
Zin


Innate Abilities, Weirdness & Mutations

You have a pair of small horns on your head.
You are partially covered in thin metallic scales (AC +2).


Message History

The ogre is moderately wounded.
The ogre hits you with a giant club!
* * * LOW HITPOINT WARNING * * *
You are too injured to fight recklessly!
You are too injured to fight recklessly!
You hit the ogre.
The ogre is heavily wounded.
The ogre hits you with a giant club.
* * * LOW HITPOINT WARNING * * *
You hit the ogre.
The ogre is heavily wounded.
You block the ogre's attack.
You hit the ogre.
The ogre is severely wounded.
The ogre barely misses you.
You hit the ogre. You headbutt the ogre.
The ogre is almost dead.
The ogre hits you with a giant club!
Ouch! That really hurt!
You die...

.............................
..#...##########..#....######
.........................#
###...#######....##...##.#
##### #....##...# .#
####.##...# # #.###... ## #.#
#.... .# #@# #.. [# #O# .#
#l# ## #.# ####...# #...#
........ ....... ...#..(#
#.......# ...# .........#
..... ........#


You could see an ogre and a giant newt.

Vanquished Creatures
  An ogre (D:4)
  An orc wizard (D:4)
  2 worker ants (D:4)
  5 adders
  A worm (D:2)
  3 giant geckos (D:2)
  3 oozes
  7 orcs
  4 giant cockroaches
  6 hobgoblins
  2 jackals (D:1)
  A quokka (D:3)
  9 bats
  3 giant newts
  5 goblins
  8 kobolds
  10 rats
  A rat skeleton (D:4)
72 creatures vanquished.

Vanquished Creatures (others)
  2 orc wizards (D:4)
2 creatures vanquished.

Grand Total: 74 creatures vanquished

Notes
Turn   | Place    | Note
--------------------------------------------------------------
     0 | D:1      | Malachi, the Demonspawn Fighter, began the quest for the Orb.
     0 | D:1      | Reached XP level 1. HP: 18/18 MP: 0/0
   244 | D:1      | Gained mutation: You are partially covered in thin metallic scales (AC +2). [demonic ancestry]
   244 | D:1      | Reached XP level 2. HP: 24/24 MP: 1/1
   832 | D:2      | Reached XP level 3. HP: 25/30 MP: 2/2
   993 | D:2      | Reached skill level 1 in Dodging
  1327 | D:2      | Reached XP level 4. HP: 36/36 MP: 3/3
  2853 | D:4      | Found a staircase to the Ecumenical Temple.
  2874 | D:4      | Reached XP level 5. HP: 18/42 MP: 4/4
  3086 | Temple   | Entered the Ecumenical Temple
  3206 | Temple   | Became a worshipper of Warmaster Okawaru
  3665 | D:4      | Got a faintly humming chain mail
  3681 | D:4      | Identified the cursed -3 chain mail of Mashry {Str+1 Int+2} (You found it on level 4 of the Dungeon)
  3732 | D:4      | Noticed an ogre
  3732 | D:4      | Noticed an ogre
  3746 | D:4      | Killed an ogre
  3746 | D:4      | Gained mutation: You have a pair of small horns on your head. [demonic ancestry]
  3746 | D:4      | Reached XP level 6. HP: 32/48 MP: 5/5
  3752 | D:4      | Demolished by an ogre

Action                   |  1- 3 |  4- 6 || total
-------------------------+-------+-------++-------
Melee: Trident           |   175 |   153 ||   328
  Use: Scroll            |       |     3 ||     3
